AoeStats
← Gott_Uncle

Arena

509791701Analyzed
3v3 RM · 5d ago on Sep 28, 2026· 66m 32s· 6 players
Game mode
Random Map
Map size
Normal (6 player)
Population
200
Speed
Normal
Resources
Standard
Victory
Conquest
Starting age
Dark Age
Ending age
Imperial Age
RankedLock teamsTeams togetherTeam positionsShared explorationLock speedFull tech treeHidden civsTurbo modeCheats
Victory
Defeat
🇨🇴 Teutons · Colombia
1360
+16
🇨🇱 Persians · Chile
1352
+17
🇨🇱 Bohemians · Chile
1318
+18
🇧🇷 Malay · Brazil
1402
-18
🇵🇪 Franks · Peru
1356
-17
🇦🇺 Teutons · Australia
1329
-16
Guido
5:55 Loom
8:55 Feudal Age
7:26 Loom
8:49 Double-Bit Axe
9:06 Town Watch
19:52 Wheelbarrow
19:52 Horse Collar
21:29 Horse Collar
24:49 Castle Age
24:46 Bow Saw
25:18 Horse Collar
28:51 Heavy Plow
35:21 Imperial Age
32:48 Fletching
33:06 Gold Mining
33:58 Bodkin Arrow
33:30 Crossbowman
35:02 Ballistics
34:57 Bracer
35:51 Gold Shaft Mining
35:34 Padded Archer Armor
36:17 Thumb Ring
37:15 Chemistry
36:02 Arbalester
37:18 Conscription
37:21 Stone Mining
39:03 Siege Engineers
42:05 Elite Skirmisher
50:57 Hand Cart
54:56 Squires
54:16 Pikeman
55:08 Forging
55:18 Halberdier
58:19 Iron Casting
lcastillov22
6:27 Loom
10:10 Feudal Age
14:56 Castle Age
13:09 Forging
13:51 Double-Bit Axe
19:25 Wheelbarrow
19:16 Bow Saw
20:17 Scale Barding Armor
21:46 Husbandry
22:58 Gold Mining
26:08 Iron Casting
28:42 Hand Cart
30:05 Chain Barding Armor
29:46 Town Watch
31:52 Gold Shaft Mining
31:07 Stone Mining
31:43 Town Patrol
31:42 Loom
37:34 Imperial Age
37:45 Cavalier
39:03 Plate Barding Armor
39:29 Blast Furnace
39:10 Paladin
39:10 Light Cavalry
41:18 Conscription
41:05 Pikeman
41:45 Squires
41:30 Arson
41:31 Gambesons
43:43 Hoardings
43:31 Scale Mail Armor
43:36 Halberdier
45:28 Chain Mail Armor
47:45 Plate Mail Armor
47:15 Padded Archer Armor
47:06 Fletching
47:16 Murder Holes
49:08 Chemistry
48:29 Ballistics
47:56 Arrowslits
49:33 Elite Throwing Axeman
51:16 Leather Archer Armor
50:57 Bodkin Arrow
53:35 Ballistics
58:12 Masonry
Ryuk
6:46 Loom
9:01 Feudal Age
9:34 Double-Bit Axe
10:45 Town Watch
14:22 Horse Collar
21:54 Castle Age
20:40 Gold Mining
24:41 Bow Saw
29:31 Imperial Age
28:12 Heavy Plow
31:20 Chemistry
30:53 Pikeman
31:34 Squires
31:37 Scale Mail Armor
34:16 Chain Mail Armor
34:52 Fletching
38:38 Conscription
41:34 Halberdier
46:51 Wheelbarrow
46:34 Scale Barding Armor
47:02 Plate Mail Armor
59:02 Scale Barding Armor
59:32 Forging
60:27 Bloodlines
60:53 Cavalier
Teuto
6:45 Loom
9:15 Feudal Age
10:01 Double-Bit Axe
13:29 Horse Collar
14:51 Town Watch
19:35 Wheelbarrow
21:49 Castle Age
19:42 Gold Mining
20:33 Forging
21:30 Scale Barding Armor
21:37 Stone Mining
24:10 Bloodlines
29:32 Iron Casting
29:43 Bow Saw
29:33 Heavy Plow
31:34 Masonry
34:13 Chain Barding Armor
37:34 Imperial Age
36:09 Fortified Wall
36:20 Gambesons
36:04 Pikeman
36:52 Scale Mail Armor
37:29 Squires
39:28 Chemistry
39:04 Chain Mail Armor
40:55 Plate Mail Armor
42:37 Blast Furnace
42:19 Crop Rotation
42:41 Arson
43:19 Conscription
42:56 Halberdier
47:07 Elite Teutonic Knight
48:08 Crenellations
51:09 Cavalier
52:26 Plate Barding Armor
52:32 Hand Cart
53:20 Two-Man Saw
52:42 Fletching
53:14 Ballistics
53:57 Onager
57:16 Coinage
56:48 Caravan
58:08 Town Patrol
58:22 Siege Engineers
Ren Majestic
10:42 Feudal Age
10:00 Loom
14:26 Castle Age
14:59 Scale Barding Armor
21:43 Double-Bit Axe
21:39 Horse Collar
24:02 Chain Barding Armor
25:51 Bow Saw
25:52 Gold Mining
26:26 Heavy Plow
28:53 Bloodlines
30:58 Wheelbarrow
30:32 Loom
34:26 Imperial Age
32:33 Husbandry
32:57 Forging
33:55 Hand Cart
34:04 Cavalier
34:42 Heavy Camel Rider
37:07 Gold Shaft Mining
36:25 Stone Mining
37:35 Two-Man Saw
37:06 Crop Rotation
36:57 Town Watch
37:09 Elite War Elephant
38:41 Conscription
40:58 Chain Barding Armor
42:19 Masonry
42:48 Hoardings
43:59 Citadels
44:31 Cavalier
46:01 Caravan
48:27 Fletching
49:13 Iron Casting
49:02 Town Patrol
50:44 Bodkin Arrow
51:25 Plate Barding Armor
52:08 Plate Barding Armor
52:39 Light Cavalry
56:44 Kamandaran
56:47 Bodkin Arrow
57:52 Blast Furnace
56:54 Padded Archer Armor
57:56 Chemistry
57:27 Architecture
57:22 Ballistics
57:32 Crossbowman
58:18 Thumb Ring
60:08 Coinage
62:44 Leather Archer Armor
Gott_Uncle
11:40 Feudal Age
16:37 Castle Age
17:23 Loom
24:18 Double-Bit Axe
24:15 Horse Collar
25:43 Fervor
28:53 Wheelbarrow
29:20 Bow Saw
31:08 Town Watch
32:10 Heavy Plow
33:58 Hand Cart
38:46 Imperial Age
35:50 Elite Skirmisher
36:21 Fletching
36:32 Padded Archer Armor
38:55 Chemistry
38:29 Bodkin Arrow
38:50 Leather Archer Armor
38:57 Ballistics
38:39 Pikeman
40:32 Siege Engineers
41:44 Masonry
41:41 Bracer
43:36 Redemption
43:42 Block Printing
43:48 Sanctity
49:31 Halberdier
50:25 Forging
50:15 Scale Mail Armor
59:07 Houfnice
Connection lost

Rejoining the realm…

Still unreachable

The connection could not be restored.

Session expired

The server has moved on; the page needs a fresh start.